 Dungeon Crawl Stone Soup version 0.23.2-40-g277498a001 (webtiles) character file.

Game seed: 2545564223341991355

1929 CitizenNev the Fighter (level 9, -3/63 HPs)
             Began as a Gargoyle Fighter on Aug 22, 2019.
             Killed by divine providence
             ... invoked by an orc priest
              (14 damage)
             ... on level 5 of the Dungeon.
             The game lasted 00:17:07 (4063 turns).

CitizenNev the Fighter (Gargoyle Fighter)           Turns: 4063, Time: 00:17:08

Health: -3/63      AC: 21    Str: 23    XL:     9   Next: 17%
Magic:  9/9        EV:  6    Int:  9    God:
Gold:   313        SH:  9    Dex:  9    Spells: 8/8 levels left

rFire    . . .     SeeInvis .   a - +1 flail
rCold    . . .     Gourm    .   c - +0 shield
rNeg     + . .     Faith    .   t - +0 chain mail
rPois    ∞         Spirit   .   n - +1 helmet
rElec    +         Reflect  .   r - +1 cloak
rCorr    +         Harm     .   p - +0 pair of gloves
MR       .....                  (no boots)
Stlth    ..........             (no amulet)
HPRegen  0.20/turn              v - ring of resist corrosion
MPRegen  0.11/turn              x - +1 ring of evasion

@: no status effects
A: negative energy resistance 1, electricity resistance, unbreathing,
petrification resistance, rot immunity, AC +6
a: no special abilities


You were on level 5 of the Dungeon.
You were not hungry.

You visited 2 branches of the dungeon, and saw 6 of its levels.
You also visited: Ossuary.

You collected 313 gold pieces.

Inventory:

Hand Weapons
 a - a +1 flail (weapon)
 B - a +2 mace of draining
Armour
 c - a +0 shield (worn)
 n - a +1 helmet (worn)
 p - a +0 pair of gloves (worn)
 r - a +1 cloak (worn)
 t - a +0 chain mail (worn)
Jewellery
 v - a ring of resist corrosion (left hand)
 x - a +1 ring of evasion (right hand)
Wands
 u - a wand of paralysis (10)
 w - a wand of disintegration (21)
Scrolls
 b - a scroll of amnesia
 e - 4 scrolls of identify
 j - 2 scrolls of teleportation
 k - 6 scrolls of remove curse
 q - a scroll of silence {unknown}
 y - a scroll of brand weapon {unknown}
Potions
 d - a potion of might
 g - a potion of magic {unknown}
 h - a potion of cancellation
 i - 2 potions of heal wounds
 l - a potion of resistance
 m - a potion of lignification {unknown}
 o - a potion of agility
 s - a potion of ambrosia {unknown}
 z - a potion of brilliance {unknown}
 A - 2 potions of curing {unknown}
Comestibles
 f - 8 rations


   Skills:
 - Level 10.7 Fighting
 - Level 6.1 Maces & Flails
 * Level 5.2 Armour
 - Level 3.2 Shields


You had 8 spell levels left.
You didn't know any spells.
Your spell library was empty.

Dungeon Overview and Level Annotations

Branches:
Dungeon (5/15)             Temple (1/1) D:5

Altars:
Cheibriados
Dithmenos
Fedhas
Gozag
Hepliaklqana
Kikubaaqudgha
Nemelex Xobeh
Ru
Sif Muna
Uskayaw
Wu Jian
Xom
Yredelemnul
Lugonu


Innate Abilities, Weirdness & Mutations

You are resistant to torment.
Your stone body is resilient. (AC +6)
You are immune to poison.
You resist negative energy. (rN+)
You are resistant to electric shocks. (rElec)
You can survive without breathing.
You are immune to petrification.
You are immune to rotting.


Message History

You thump the orc priest!
The orc priest is almost dead.
You block the orc's attack.
The orc priest miscasts a cantrip.
You block the orc's attack. The orc barely misses you.
You barely miss the orc priest.
The orc priest is almost dead.
The orc priest hits you with a +0 war axe.
The orc hits you but does no damage. x2
Your shield and chain mail prevent you from hitting the orc priest.
The orc priest is severely wounded.
The orc priest calls down the wrath of Beogh upon you.
Beogh smites you!
* * * LOW HITPOINT WARNING * * *
The orc hits you but does no damage. The orc barely misses you.
You closely miss the orc priest.
The orc priest is severely wounded.
The orc priest calls down the wrath of Beogh upon you.
Beogh smites you!
You die...

**,*****,* #...##
#............ *,* *,*
##...# #.####....... *,*
**,** #...# #.* #.......
*,****,,,***#).)#
*,***#.......
*,,,,,,......#)##
*,#..........
******,..###.#)#
**.#.##....... **,**
#.#)####............#
*>*
#o#[......>.##......#
*,*
*,#)@o..............#
********,*
#..#oo......###.....#
,,,,,,,,,*
*#.###.......******,,+
,********* #.#*
*#......,,****,,* ,*
##,***,......*,,,,,,,*
,*
***,,,*,,......*******,*
** *,,,,,,,,,.....* *,*
*,*,***,**#....* *,*
*,*,***,***,,,,*******,*


You could see an orc priest and 2 orcs.

Vanquished Creatures
  Pikel (D:4)
  Grinder (D:4)
  Sigmund (D:2)
  Eustachio (D:4)
  An ogre (D:4)
  A bullfrog zombie (D:5)
  4 crimson imps (D:3)
  Crazy Yiuf (D:3)
  An orc wizard (D:4)
  5 orc priests (D:5)
  3 hounds (D:4)
  Terence (D:3)
  2 iguanas (D:4)
  A worker ant (D:4)
  A hound skeleton (D:4)
  3 mummies (Ossuary)
  3 gnolls (D:5)
  10 adders
  2 oozes
  2 adder zombies (Ossuary)
  5 worms
  A dart slug (D:1)
  2 leopard geckos
  12 orcs
  11 bats
  3 giant cockroaches
  12 goblins
  8 hobgoblins
  13 jackals
  A quokka (D:5)
  4 ball pythons
  6 frilled lizards
  2 gnoll zombies (Ossuary)
  3 goblin zombies (Ossuary)
  2 hobgoblin zombies (Ossuary)
  7 kobolds
  4 kobold zombies (Ossuary)
  3 quokka zombies
  10 rats
  3 rat zombies (Ossuary)
157 creatures vanquished.

Notes
Turn   | Place    | Note
-------+----------+-------------------------------------------
     0 | D:1      | CitizenNev the Gargoyle Fighter began the quest for the
                  | Orb.
     0 | D:1      | Reached XP level 1. HP: 14/14 MP: 1/1
    83 | D:1      | Reached XP level 2. HP: 15/19 MP: 2/2
   352 | D:1      | Reached XP level 3. HP: 19/23 MP: 3/3
   806 | D:2      | Reached XP level 4. HP: 25/28 MP: 4/4
   919 | D:2      | Noticed Sigmund
   940 | D:2      | Killed Sigmund
   940 | D:2      | Reached XP level 5. HP: 15/32 MP: 5/5
   940 | D:2      | Reached XP level 6. HP: 18/37 MP: 6/6
  1226 | D:2      | Found a hide-covered altar of Uskayaw.
  1502 | D:2      | Found a deep blue altar of Sif Muna.
  1636 | D:3      | Found a snail-covered altar of Cheibriados.
  1655 | D:3      | Reached skill level 4 in Fighting
  1775 | D:3      | Noticed Terence
  1787 | D:3      | Killed Terence
  1847 | D:3      | Found a runed translucent door.
  1848 | D:3      | Noticed Crazy Yiuf
  2001 | D:3      | Found a shimmering altar of Xom.
  2018 | D:3      | Paralysed by a crimson imp for 6 turns
  2084 | D:3      | Reached skill level 5 in Fighting
  2092 | D:3      | Reached XP level 7. HP: 42/44 MP: 7/7
  2357 | D:3      | Killed Crazy Yiuf
  2357 | D:3      | Reached skill level 6 in Fighting
  2453 | D:4      | Found a sparkling altar of Nemelex Xobeh.
  2484 | D:4      | Noticed Eustachio
  2486 | D:4      | Found an opulent altar of Gozag.
  2530 | D:4      | Killed Eustachio
  2530 | D:4      | Reached skill level 7 in Fighting
  2645 | D:4      | Found a sacrificial altar of Ru.
  2797 | D:4      | Noticed Pikel
  2809 | D:4      | Killed Pikel
  2809 | D:4      | Reached skill level 9 in Fighting
  2809 | D:4      | Reached XP level 8. HP: 43/56 MP: 8/8
  3059 | D:4      | Found an ancient bone altar of Kikubaaqudgha.
  3124 | D:4      | Reached skill level 10 in Fighting
  3230 | D:4      | Noticed Grinder
  3245 | D:4      | Paralysed by Grinder for 6 turns
  3269 | D:4      | Killed Grinder
  3452 | D:5      | Entered Level 5 of the Dungeon
  3452 | D:5      | Found a staircase to the Ecumenical Temple.
  3465 | D:5      | Reached XP level 9. HP: 63/63 MP: 9/9
  3493 | D:5      | Found a sand-covered staircase.
  3498 | Ossuary  | Entered an ossuary
  3920 | Temple   | Entered the Ecumenical Temple
  4040 | D:5      | Reached skill level 5 in Armour
  4063 | D:5      | Killed from afar by an orc priest

Skill      XL: |  1  2  3  4  5  6  7  8  9 |
---------------+----------------------------+-----
Maces & Flails | 3 4 6 |  6.1
Fighting       | 5 9 10 | 10.7
Armour         | 5 |  5.2
Shields        | |  3.2

Action                   |  1- 3 |  4- 6 |  7- 9 || total
-------------------------+-------+-------+-------++-------
Melee: Flail             |   149 |   184 |   360 ||   693
  Use: Potion            |       |     1 |     2 ||     3
       Scroll            |       |       |    10 ||    10
  Eat: Chunk             |       |     4 |     5 ||     9
       Ration            |       |       |     1 ||     1
Armor: Scale mail        |   131 |   122 |     2 ||   255
       Chain mail        |       |       |   293 ||   293
Dodge: Dodged            |    88 |    69 |   125 ||   282
Block: Shield            |   108 |   108 |   229 ||   445
